 Dungeon Sprint DCSS version 0.30-a0-996-ga6910c8ee8 (webtiles) character file.

Game seed: 17078539418102910596

800000 DiggyJ the Black Belt (level 10, -55/77 HPs)
             Began as a Demigod Transmuter on Apr 4, 2023.
             Annihilated by a meat berserker
             ... wielding a +9 battleaxe
              (75 damage)
             ... in the Dungeon (Sprint VIII: "Arena of Blood").
             The game lasted 00:00:27 (8 turns).

DiggyJ the Black Belt (Demigod Transmuter)             Turns: 8, Time: 00:00:29

Health: -55/77     AC:  2    Str: 11    XL:     10   Next: 49%
Magic:  5/27       EV: 16    Int: 27    God:
Gold:   0          SH:  0    Dex: 14    Spells: 27/28 levels left

rFire   . . .      SeeInvis .    i - +∞ Axe of Woe
rCold   . . .      Faith    .    (shield currently unavailable)
rNeg    . . .      Spirit   .    a - +0 robe
rPois   .          Reflect  .    (no helmet)
rElec   .          Rampage  .    (no cloak)
rCorr   .          NoTele   +    (no gloves)
Will    +....                    (no boots)
Stlth   +                        (no amulet)
HPRegen 0.32/turn                (no ring)
MPRegen 0.20/turn                (no ring)

@: no status effects
A: high MP 1, forlorn, divine attributes
a: no special abilities


You were in the Dungeon.
You visited 1 branch

Inventory:

Hand Weapons
 i - the +∞ Axe of Woe (weapon)
   (You found it in the Dungeon)
Armour
 a - a +0 robe (worn)
Scrolls
 h - a scroll of blinking
Potions
 b - a potion of lignification
 c - a potion of curing
 d - a potion of heal wounds
 e - a potion of haste
 f - 2 potions of magic
 g - a potion of berserk rage


   Skills:
 + Level 3.4 Fighting
 + Level 3.9 Axes
 + Level 9.4 Dodging
 + Level 17.2 Unarmed Combat
 + Level 9.5 Spellcasting
 + Level 9.1 Transmutations


You had 27 spell levels left.
You knew the following spells:

 Your Spells              Type           Power      Damage    Failure   Level
a - Beastly Appendage     Tmut           100%       N/A       1%          1

Your spell library contained the following spells:

 Spells                   Type           Power      Damage    Failure   Level
 Wereblood                Tmut           58%        N/A       1%          2
 Spider Form              Tmut/Pois      37%        N/A       1%          3
 Ice Form                 Ice/Tmut       37%        N/A       7%          4


Dungeon Overview and Level Annotations

Branches:
Dungeon (1/1)


Innate Abilities, Weirdness & Mutations

You have an increased reservoir of magic. (+10% MP)
You shall have no god before yourself.
Your divine heritage dramatically boosts your attributes as you level up.


Message History

Your Dodging skill gained 8 levels and is now at level 9!
Your Unarmed Combat skill gained 15 levels and is now at level 17!
Your Spellcasting skill gained 8 levels and is now at level 9!
Your Transmutations skill gained 8 levels and is now at level 9!
You have reached level 2!
You have reached level 3!
Your experience leads to a dramatic increase in your attributes!
Increase (S)trength, (I)ntelligence, or (D)exterity?
You feel clever. x4
You have reached level 4!
You have reached level 5!
You have reached level 6!
Your experience leads to a dramatic increase in your attributes!
Increase (S)trength, (I)ntelligence, or (D)exterity?
You feel clever. x4
You have reached level 7!
You have reached level 8!
You have reached level 9!
Your experience leads to a dramatic increase in your attributes!
Increase (S)trength, (I)ntelligence, or (D)exterity?
You feel clever. x4
You have reached level 10!
A bag of meat comes into view. It is wielding a +9 war axe.
The meat berserker appears out of thin air!
A meat berserker comes into view. It is wielding a +9 battleaxe.
The bag of meat appears out of thin air!
A bag of meat comes into view. It is wielding a +9 war axe.
The bag of meat shouts!
The meat berserker shouts!
The bag of meat shouts!
You hear a shout! x2
A bag of meat comes into view. It is wielding a +9 war axe.
You hear a shout! x2
The meat berserker rages.
You hear a shout!
You hear a shout! x8
The meat berserker hits you with a +9 battleaxe!!!
Ouch! That really hurt!
* * * LOW HITPOINT WARNING * * *
The meat berserker hits you with a +9 battleaxe!!!!
Ouch! That really hurt!
You die...

.. .. #. .....#
...... #.. ....#
...... .###..
...###......
......###.....o.....
....._..........o.
#O....#.......#.
#_.<._#.........
..#.....#.@O..o#.#
......_.....O......
......###..o......#.
.###....o.)###......
#.......# ......
#.......# ......
.......... .....
........... #...#
........... ...#


You could see 2 meat berserkers and 5 bags of meat.

Vanquished Creatures
  An orc (D)
1 creature vanquished.

Notes
Turn   | Place    | Note
-------+----------+-------------------------------------------
     0 | D        | Found the +∞ Axe of Woe
     0 | D        | DiggyJ the Demigod Transmuter began the quest for the Orb.
     0 | D        | Reached XP level 1. HP: 15/15 MP: 5/5
     2 | D        | Noticed a bag of meat
     3 | D        | Noticed a bag of meat
     4 | D        | Noticed a bag of meat
     5 | D        | Noticed a meat berserker
     5 | D        | Noticed a meat berserker
     6 | D        | Killed a bag of meat
     7 | D        | Reached skill level 17 in Unarmed Combat
     7 | D        | Reached XP level 2. HP: 26/26 MP: 5/15
     7 | D        | Reached XP level 3. HP: 31/31 MP: 5/17
     7 | D        | Reached XP level 4. HP: 38/38 MP: 5/19
     7 | D        | Reached XP level 5. HP: 45/45 MP: 5/20
     7 | D        | Reached XP level 6. HP: 51/51 MP: 5/22
     7 | D        | Reached XP level 7. HP: 57/57 MP: 5/24
     7 | D        | Reached XP level 8. HP: 63/63 MP: 5/25
     7 | D        | Reached XP level 9. HP: 70/70 MP: 5/26
     7 | D        | Reached XP level 10. HP: 77/77 MP: 5/27
     7 | D        | Noticed a bag of meat
     7 | D        | Noticed a meat berserker
     7 | D        | Noticed a bag of meat
     7 | D        | Noticed a bag of meat
     8 | D        | Annihilated by a meat berserker

Illustrated notes

Levels and vault maps discovered:
D:        meatsprint

Skill      XL: |  1 |
---------------+----+-----
Fighting       | 3 |  3.4
Axes           | 3 |  3.9
Dodging        | 9 |  9.4
Unarmed Combat | 17 | 17.2
Spellcasting   | 9 |  9.5
Transmutations | 9 |  9.1

Action                     |  1- 3 |  4- 6 |  7- 9 | 10-12 || total
---------------------------+-------+-------+-------+-------++-------
  Melee: Executioner's axe |     1 |       |       |       ||     1

Table legend: (Time is in decaauts)
 A = Elapsed time spent in this place.
 B = Non-inter-level travel time spent in this place.
 C = Inter-level travel time spent in this place.
 D = Time resting spent in this place.
 E = Time spent auto-exploring this place.
 F = Levels seen in this place.
 G = Mean time per level.
                   A        B        C        D        E       F      G
               +--------+--------+--------+--------+--------+-----+--------+
         Total |      8 |      8 |      0 |      0 |      0 |   1 |    8.0 |
       Dungeon |      8 |      8 |      0 |      0 |      0 |   1 |    8.0 |
               +--------+--------+--------+--------+--------+-----+--------+

Top non-repeatable levels by time:
       D: 8 daAuts
